 Dungeon Crawl Stone Soup version 0.28.0-43-g3370ac3207 (webtiles) character file.

Game seed: 10635023168857218745

154 Cykl0x the Digger (level 5, 0/28 HPs)
             Began as a Gargoyle Earth Elementalist on Mar 6, 2022.
             Killed from afar by an orc wizard (4 damage)
             ... with a magic dart
             ... on level 3 of the Dungeon.
             The game lasted 00:05:13 (2590 turns).

Cykl0x the Digger (Gargoyle Earth Elementalist)     Turns: 2590, Time: 00:05:14

Health: 0/28       AC:  7    Str: 12    XL:     5   Next: 35%
Magic:  2/18       EV: 12    Int: 17    God:
Gold:   96         SH:  0    Dex: 10    Spells: 6/10 levels left

rFire   . . .      SeeInvis .   h - +3 short sword (venom)
rCold   . . .      Faith    .   (no shield)
rNeg    + . .      Spirit   .   b - +0 robe
rPois   ∞          Reflect  .   j - +0 helmet
rElec   +          Harm     .   (no cloak)
rCorr   .          Rampage  .   (no gloves)
Will    .....                   (no boots)
Stlth   ++........              (no amulet)
HPRegen 0.09/turn               f - ring of flight
MPRegen 0.16/turn               c - ring of magical power

@: flying
A: sickness immunity, AC +4, negative energy resistance 1, electricity
resistance, torment resistance 1, petrification resistance
a: no special abilities


You were on level 3 of the Dungeon.
You visited 1 branch of the dungeon, and saw 3 of its levels.

You collected 96 gold pieces.

Inventory:

Hand Weapons
 e - a +0 dagger
 g - a +1 dagger of speed
 h - a +3 short sword of venom (weapon)
Missiles
 d - 27 stones
Armour
 b - a +0 robe (worn)
 j - a +0 helmet (worn)
Jewellery
 c - a ring of magical power (right hand)
 f - a ring of flight (left hand)
Potions
 a - 3 potions of curing
 l - a potion of brilliance {unknown}
 m - a potion of berserk rage {unknown}


   Skills:
 + Level 0.1 Short Blades
 + Level 1.9 Dodging
 - Level 2.1 Stealth
 + Level 3.2 Spellcasting
 * Level 2.2 Conjurations
 - Level 0.7 Transmutations
 + Level 5.2 Earth Magic


You had 6 spell levels left.
You knew the following spells:

 Your Spells              Type           Power      Damage    Failure   Level
a - Sandblast             Erth           40%        2d10      1%          1
b - Stone Arrow           Conj/Erth      30%        3d8       11%         3

Your spell library contained the following spells:

 Spells                   Type           Power      Damage    Failure   Level
 Passwall                 Tmut/Erth      10%        N/A       8%          2
 Ensorcelled Hibernation  Hex/Ice        4%         N/A       26%         2
 Swiftness                Air            2%         N/A       45%         3
 Petrify                  Tmut/Erth      12%        N/A       45%         4


Dungeon Overview and Level Annotations

Branches:
Dungeon (3/15)

Altars:


Innate Abilities, Weirdness & Mutations

You are immune to sickness and miasma.
Your stone body is resilient. (AC +4)
You are immune to poison.
You resist negative energy. (rN+)
You are resistant to electric shocks. (rElec)
You are resistant to unholy torment.
You are immune to petrification.


Message History

The blast of sand hits the orc!
You kill the orc!
Your magical contamination has completely faded away.
Casting: Sandblast (safe; 1% risk of failure)
Confirm with . or Enter, or press ? or * to list all spells.
The spell is quite dangerous to miscast (11% risk of failure)!
Continue anyway?
Aiming: Stone Arrow (quite dangerous; 11% risk of failure)
Press: ? - help, Shift-Dir - straight line, f - orc wizard
Aim: an orc wizard, wielding a +0 dagger and wearing a +0 robe (60% to hit)
The stone arrow misses the orc wizard.
The orc wizard gestures at you while chanting.
The puff of flame hits you!
You hit the orc wizard but do no damage.
The orc wizard mumbles some strange words.
The orc wizard flickers and vanishes!
Deactivating autopickup; reactivate with Ctrl-A.
Something hits you but does no damage.
You miss something.
You hear some strange, mumbled words.
A puff of flame appears from out of thin air!
The puff of flame hits you. The orc hits you with a +0 hand axe.
Unknown command.
You puncture something! Something hits you but does no damage.
The orc barely misses you.
You barely miss something. Something hits you. The orc misses you.
You hit the orc.
The orc is poisoned.
The orc is moderately wounded.
Something hits you but does no damage. The orc hits you but does no damage.
You miss something.
You hear some strange, mumbled words.
A puff of flame appears from out of thin air!
The puff of flame hits you!
* * * LOW HITPOINT WARNING * * *
The orc barely misses you.
You barely miss something.
You kill the orc!
Something hits you but does no damage.
A magic dart appears from out of thin air!
The magic dart hits you.
You die...

##^# #.# ..# #.# #.. #.#
#.. ##.# #.# #.. ...# #..
#.) .### #.# #.) #
.#####.#####.)#####+#.#
....##.......){.@.....#
.##.##.##########...>.##
.##.##.##.## ##.......#
.##.##.#...####........)#
..............'.........+
....####...####.........#
##### #..## ##.......##
#.## ##.....## #.#
##...##


There were no monsters in sight!

Vanquished Creatures
  An ogre (D:2)
  2 worms (D:2)
  2 dart slugs (D:1)
  4 orcs (D:3)
  13 endoplasms
  5 goblins (D:1)
  6 hobgoblins
  3 quokkas
  2 ball pythons
  5 bats
  A frilled lizard (D:3)
  5 kobolds
  6 rats
55 creatures vanquished.

Vanquished Creatures (others)
  8 plants (D:2)
8 creatures vanquished.

Grand Total: 63 creatures vanquished

Notes
Turn   | Place    | Note
-------+----------+-------------------------------------------
     0 | D:1      | Cykl0x the Gargoyle Earth Elementalist began the quest for
                  | the Orb.
     0 | D:1      | Reached XP level 1. HP: 10/10 MP: 3/3
    62 | D:1      | Reached XP level 2. HP: 15/15 MP: 0/5
   130 | D:1      | Reached skill level 4 in Earth Magic
   326 | D:1      | Found a faded altar of an unknown god.
   591 | D:1      | Reached skill level 1 in Conjurations
   671 | D:1      | Reached XP level 3. HP: 19/19 MP: 3/6
   675 | D:1      | Learned a level 3 spell: Stone Arrow
  1694 | D:2      | Identified the +2 helmet of Lewaicet {rF- Str+9 Int-4}
  1946 | D:2      | Reached XP level 4. HP: 24/24 MP: 7/7
  1960 | D:2      | Noticed an ogre
  1965 | D:2      | Killed an ogre
  1966 | D:2      | Reached skill level 5 in Earth Magic
  1966 | D:2      | Reached XP level 5. HP: 28/28 MP: 3/9
  2590 | D:3      | Killed from afar by an orc wizard

Illustrated notes

Levels and vault maps discovered:
D:1:      matt_arrival_grand_opening, layout_basic,
          dreamdust_ecumenical_altar_angels_and_demons
D:2:      cheibrodos_old_hovel, layout_rooms, hangedman_decor_points,
          minmay_between
D:3:      layout_loops_corners, mainiacjoe_overflow_divided_tiny,
          minmay_misc_feat_ornament

Skill      XL: |  1  2  3  4 |
---------------+-------------+-----
Earth Magic    | 4 5 |  5.2
Conjurations   | 1 2 |  2.2
Spellcasting   | 3 |  3.2
Short Blades   | |  0.1
Dodging        | |  1.9
Stealth        | |  2.1
Transmutations | |  0.7

Action                   |  1- 3 |  4- 6 || total
-------------------------+-------+-------++-------
Melee: Dagger            |     2 |       ||     2
       Short sword       |     4 |     7 ||    11
 Cast: Sandblast         |    30 |     1 ||    31
       Stone Arrow       |    22 |    15 ||    37
  Use: Scroll            |     6 |       ||     6
Armor: Robe              |     3 |     5 ||     8
Dodge: Dodged            |    10 |     3 ||    13
